Mulligans vs Influenza
Created - March 28, 2020 at 19:09
Goals
|
| Mulligans |
1 |
1 |
2 |
4 |
| Influenza |
5 |
2 |
0 |
7 |
|
Shots
|
| Mulligans |
14 |
14 |
13 |
41 |
| Influenza |
11 |
15 |
9 |
35 |
|
1st period
1. Influenza , Bo Horvat 22 (Iiro Pakarinen 34, Tim Erixon 5) at 4:12
2. Influenza , Bo Horvat 23 (Tim Erixon 6, Iiro Pakarinen 35) at 4:20
3. Influenza , Justin Bailey 15 (Lucas Lessio 17, Colton Sissons 16) at 4:24
4. Influenza , Lucas Lessio 21 (Colton Sissons 17, Justin Bailey 20) at 10:06
5. Influenza , Brandon Montour 6 (Lucas Lessio 18, Colton Sissons 18) at 15:27
6. Mulligans , Anton Lander 30 (Matt Beleskey 30, Jonathan Ferland 48) at 19:14
Penalties :
Zac Dalpe (VJB) for Hooking (Minor) at 16:30
2nd period
7. Mulligans , Maxime Macenauer 23 (Ben Hutton 19, Drayson Bowman 17) at 0:26
8. Influenza , Andre Burakovsky 48 (Luca Sbisa 25, Malcolm Subban) at 2:07 (PP)
9. Influenza , Tom Kuhnhackl 6 (Luca Sbisa 26, Tim Erixon 7) at 3:21
Penalties :
Matt Beleskey (Rep) for Hooking (Minor) at 1:18, Maxime Macenauer (Rep) for Slashing (Minor) at 3:30
3rd period
10. Mulligans , Anton Lander 31 (Cody Goloubef 34) at 7:11
11. Mulligans , Reid Boucher 2 (Cade Fairchild 14, Darren Dietz 21) at 9:13
Penalties :
Iiro Pakarinen (VJB) for Tripping (Minor) at 10:31
Goalie Stats
Calvin Pickard (Rep), 23 saves from 26 shots - (0.885), L, 22-19-4, 49:54 minutes
Juuse Saros (Rep), 5 saves from 9 shots - (0.556), 10:06 minutes
Malcolm Subban (VJB), 37 saves from 41 shots - (0.902), W, 24-23-2, 60:00 minutes
Players Stats for Mulligans
Player Name G A P +/- PIM S H SB GA TA FO MP PP MP PK MP
------------------------------------------------------------------------------------
Anton Lander 2 0 2 -1 0 4 1 1 1 0 10/24 19:31 2:12 1:39
Ben Hutton 0 1 1 2 0 2 0 1 0 0 0/0 24:15 1:53 1:22
Cade Fairchild 0 1 1 -1 0 3 0 0 0 0 0/0 21:11 2:05 1:26
Cody Goloubef 0 1 1 2 0 3 1 1 1 0 0/0 24:15 1:53 1:22
Dalton Thrower 0 0 0 -3 0 0 2 1 0 0 0/0 14:34 0:00 0:00
Darren Dietz 0 1 1 -1 0 0 0 1 0 0 0/0 21:11 2:05 1:26
Drayson Bowman 0 1 1 1 0 5 1 1 0 0 0/0 17:21 1:33 0:00
Jonathan Ferland 0 1 1 -1 0 1 1 1 2 0 1/1 19:31 2:12 1:39
Joonas Donskoi 0 0 0 -2 0 2 2 0 0 0 1/1 13:07 0:13 0:00
Logan Shaw 0 0 0 1 0 3 0 0 0 0 0/1 17:21 1:33 0:00
Matt Beleskey 0 1 1 -1 2 1 0 0 3 0 0/2 18:32 2:12 0:48
Maxime Macenauer 1 0 1 1 2 3 3 0 2 2 11/21 17:36 1:33 0:09
Reid Boucher 1 0 1 0 0 5 0 0 0 0 0/0 8:52 0:00 0:00
Robbie Russo 0 0 0 -3 0 0 0 1 0 0 0/0 14:34 0:00 0:00
Robby Fabbri 0 0 0 0 0 1 1 0 0 0 3/4 8:52 0:00 0:00
Sam Bennett 0 0 0 -2 0 1 1 0 0 0 3/9 13:43 0:00 0:55
Sven Baertschi 0 0 0 -2 0 5 2 1 1 1 0/0 13:33 0:13 0:26
Valeri Nichushkin 0 0 0 0 0 2 1 1 1 0 0/1 9:11 0:13 0:00
Players Stats for Influenza
Player Name G A P +/- PIM S H SB GA TA FO MP PP MP PK MP
------------------------------------------------------------------------------------
Andre Burakovsky 1 0 1 1 0 3 1 1 1 0 0/1 19:23 1:49 1:14
Bo Horvat 2 0 2 1 0 3 3 0 0 2 19/33 18:09 1:49 0:00
Brandon Montour 1 0 1 1 0 1 0 3 0 3 0/0 15:26 0:00 0:00
Calvin de Haan 0 0 0 -3 0 6 2 2 1 1 0/0 27:25 1:53 2:43
Colton Sissons 0 3 3 1 0 2 2 1 0 0 8/13 14:37 0:03 0:56
Dmitry Sinitsyn 0 0 0 1 0 0 0 2 0 0 0/0 15:26 0:00 0:00
Iiro Pakarinen 0 2 2 1 2 4 2 0 0 0 2/3 18:15 1:49 0:00
Jacob Josefson 0 0 0 0 0 1 1 0 0 0 1/4 10:37 0:00 0:50
Justin Bailey 1 1 2 2 0 3 1 0 0 0 0/0 14:01 0:56 0:00
Kasperi Kapanen 0 0 0 0 0 1 2 1 1 1 0/1 13:17 0:00 0:00
Luca Sbisa 0 2 2 4 0 0 1 2 0 1 0/0 20:16 1:53 1:15
Lucas Lessio 1 2 3 1 0 3 1 1 0 0 0/0 15:09 0:06 1:18
Nick Ritchie 0 0 0 0 0 1 1 0 0 0 0/0 9:40 0:00 0:00
Paul Ladue 0 0 0 -3 0 1 1 1 0 1 0/0 24:18 0:55 2:43
Ryan Dzingel 0 0 0 0 0 3 1 0 0 0 0/0 16:20 0:56 1:55
Tim Erixon 0 3 3 4 0 0 0 1 0 1 0/0 17:09 0:55 1:15
Tom Kuhnhackl 1 0 1 0 0 1 0 0 0 1 1/1 10:25 0:00 0:45
Zac Dalpe 0 0 0 -1 2 2 4 0 0 0 4/8 16:07 0:56 0:58
3 Stars
1 - Bo Horvat (VJB)
2 - Tim Erixon (VJB)
3 - Lucas Lessio (VJB)
Power Play
Mulligans - 0 on 2 Attempt(s) - 0.00%
Influenza - 1 on 2 Attempt(s) - 50.00%
Penalty Kill
Mulligans - 1 on 2 Attempt(s) - 50.00%
- Score 0 goal in Penalty Kill
Influenza - 2 on 2 Attempt(s) - 100.00%
- Score 0 goal in Penalty Kill
Team Stat
Mulligans - Hits : 16 - Faceoff Wins : 29 - Blocked Shots : 10 - Penalty Minutes : 4
Influenza - Hits : 23 - Faceoff Wins : 35 - Blocked Shots : 15 - Penalty Minutes : 4
Official
Referees : Unknown
Linesman : Unknown
Game Notes
Calvin Pickard enters game at 10:06 of 1st period
Finance
Level 1 -- Attendance: 1384 (69.20%) -- Ticket Income $55,360
Level 2 -- Attendance: 643 (64.30%) -- Ticket Income $12,860
Total Attendance: 2027 (67.57%)
Total Ticket Income: $68,220
Other Income: $3,411
Total Income: $71,631
Mulligans
5 vs 5 Forward
Center Left Wing Right Wing Time % Phy DF OF
1 Anton Lander Matt Beleskey Jonathan Ferland 34 0 2 3
2 Maxime Macenauer Drayson Bowman Logan Shaw 30 0 2 3
3 Sam Bennett Sven Baertschi Joonas Donskoi 22 0 2 3
4 Robby Fabbri Reid Boucher Valeri Nichushkin 14 0 2 3
5 vs 5 Defense
Defense Defense Time % Phy DF OF
1 Cody Goloubef Ben Hutton 40 0 3 2
2 Cade Fairchild Darren Dietz 35 0 3 2
3 Dalton Thrower Robbie Russo 25 0 3 2
4 Cody Goloubef Ben Hutton 0 0 3 2
PowerPlay Forward
Center Left Wing Right Wing Time % Phy DF OF
1 Anton Lander Matt Beleskey Jonathan Ferland 60 1 2 2
2 Maxime Macenauer Drayson Bowman Logan Shaw 40 1 2 2
PowerPlay Defense
Defense Defense Time % Phy DF OF
1 Cody Goloubef Ben Hutton 60 1 2 2
2 Cade Fairchild Darren Dietz 40 1 2 2
Penalty Kill 4 Players Forward
Center Wing Time % Phy DF OF
1 Anton Lander Jonathan Ferland 60 1 2 2
2 Matt Beleskey Maxime Macenauer 40 1 2 2
Penalty Kill 4 Players Defense
Defense Defense Time % Phy DF OF
1 Cody Goloubef Ben Hutton 60 1 2 2
2 Cade Fairchild Darren Dietz 40 1 2 2
Penalty Kill - 3 Players Forward
Forward Time % Phy DF OF
1 Anton Lander 60 1 2 2
2 Jonathan Ferland 40 1 2 2
Penalty Kill - 3 Players Defense
Defense Defense Time % Phy DF OF
1 Cody Goloubef Ben Hutton 60 1 2 2
2 Cade Fairchild Darren Dietz 40 1 2 2
4 vs 4 Forward
Center Wing Time % Phy DF OF
1 Anton Lander Jonathan Ferland 60 1 2 2
2 Matt Beleskey Maxime Macenauer 40 1 2 2
4 vs 4 Defense
Defense Defense Time % Phy DF OF
1 Cody Goloubef Ben Hutton 60 1 2 2
2 Cade Fairchild Darren Dietz 40 1 2 2
Last Minutes Offensive
Center Left Wing Right Wing Defense Defense
Anton Lander Matt Beleskey Jonathan Ferland Cody Goloubef Ben Hutton
Last Minutes Defensive
Center Left Wing Right Wing Defense Defense
Anton Lander Matt Beleskey Jonathan Ferland Cody Goloubef Ben Hutton
Goaltenders
Starting : Juuse Saros
Backup : Calvin Pickard
Extra Forwards
Normal : Sven Baertschi, Joonas Donskoi, Sam Bennett - PP : Sven Baertschi, Joonas Donskoi - PK : Sam Bennett
Extra Defensemen
Normal : Dalton Thrower, Robbie Russo, Cade Fairchild - PP : Dalton Thrower - PK : Robbie Russo, Cade Fairchild
Penalty Shots
Anton Lander, Jonathan Ferland, Matt Beleskey, Maxime Macenauer, Drayson Bowman
Scratches
Nick Moutrey (Healthy), Michael Sdao (Healthy), John Hayden (Healthy), Jonny Brodzinski (Healthy), Cristiano Digiacinto (Healthy)
Influenza
5 vs 5 Forward
Center Left Wing Right Wing Time % Phy DF OF
1 Bo Horvat Andre Burakovsky Iiro Pakarinen 40 1 2 2
2 Colton Sissons Lucas Lessio Justin Bailey 30 1 2 2
3 Zac Dalpe Ryan Dzingel Kasperi Kapanen 20 1 2 2
4 Jacob Josefson Nick Ritchie Tom Kuhnhackl 10 1 2 2
5 vs 5 Defense
Defense Defense Time % Phy DF OF
1 Calvin de Haan Paul Ladue 40 1 2 2
2 Luca Sbisa Tim Erixon 30 1 2 2
3 Dmitry Sinitsyn Brandon Montour 20 1 2 2
4 Calvin de Haan Luca Sbisa 10 1 2 2
PowerPlay Forward
Center Left Wing Right Wing Time % Phy DF OF
1 Bo Horvat Andre Burakovsky Iiro Pakarinen 60 1 2 2
2 Zac Dalpe Ryan Dzingel Justin Bailey 40 1 2 2
PowerPlay Defense
Defense Defense Time % Phy DF OF
1 Calvin de Haan Luca Sbisa 60 1 2 2
2 Paul Ladue Tim Erixon 40 1 2 2
Penalty Kill 4 Players Forward
Center Wing Time % Phy DF OF
1 Zac Dalpe Ryan Dzingel 60 1 2 2
2 Colton Sissons Tom Kuhnhackl 40 1 2 2
Penalty Kill 4 Players Defense
Defense Defense Time % Phy DF OF
1 Calvin de Haan Paul Ladue 60 1 2 2
2 Luca Sbisa Tim Erixon 40 1 2 2
Penalty Kill - 3 Players Forward
Forward Time % Phy DF OF
1 Zac Dalpe 60 1 2 2
2 Colton Sissons 40 1 2 2
Penalty Kill - 3 Players Defense
Defense Defense Time % Phy DF OF
1 Calvin de Haan Paul Ladue 60 1 2 2
2 Luca Sbisa Tim Erixon 40 1 2 2
4 vs 4 Forward
Center Wing Time % Phy DF OF
1 Bo Horvat Andre Burakovsky 60 1 2 2
2 Zac Dalpe Iiro Pakarinen 40 1 2 2
4 vs 4 Defense
Defense Defense Time % Phy DF OF
1 Calvin de Haan Paul Ladue 60 1 2 2
2 Luca Sbisa Tim Erixon 40 1 2 2
Last Minutes Offensive
Center Left Wing Right Wing Defense Defense
Bo Horvat Andre Burakovsky Iiro Pakarinen Calvin de Haan Paul Ladue
Last Minutes Defensive
Center Left Wing Right Wing Defense Defense
Zac Dalpe Andre Burakovsky Iiro Pakarinen Calvin de Haan Paul Ladue
Goaltenders
Starting : Malcolm Subban
Backup : Tyson Sexsmith
Extra Forwards
Normal : Lucas Lessio, Iiro Pakarinen, Andre Burakovsky - PP : Lucas Lessio, Colton Sissons - PK : Andre Burakovsky
Extra Defensemen
Normal : Luca Sbisa, Tim Erixon, Calvin de Haan - PP : Brandon Montour - PK : Paul Ladue, Brandon Montour
Penalty Shots
Andre Burakovsky, Bo Horvat, Zac Dalpe, Justin Bailey, Calvin de Haan
Scratches
Jordan Schroeder (Healthy), Shane Prince (Healthy), Jeff Corbett (Healthy), Henri Ikonen (Healthy), Johan Larsson (Healthy)
Mitchell Moroz (Healthy), Josh Andrerson (Healthy), Jesse Graham (Healthy), Roland McKeown (Healthy), Jake Walman (Healthy)
Conner Bleackley (Healthy), Brycen Martin (Healthy), Jaden Lindo (Healthy), Jamie Phillips (Healthy)
% Time on Ice - Mulligans
Lines # - Real PCT - Wanted PCT - Time Play
Normal Forward
1 - 30% - 34% - 15:46
2 - 30% - 30% - 15:48
3 - 24% - 22% - 12:48
4 - 17% - 14% - 8:52
Normal Defense
1 - 39% - 40% - 21:00
2 - 33% - 35% - 17:40
3 - 27% - 25% - 14:34
4 - 0% - 0% - 0:00
PP Forward
1 - 61% - 60% - 2:25
2 - 39% - 40% - 1:33
PP Defense
1 - 47% - 60% - 1:53
2 - 53% - 40% - 2:05
PK Forward
1 - 66% - 60% - 1:51
2 - 34% - 40% - 0:57
PK Defense
1 - 49% - 60% - 1:22
2 - 51% - 40% - 1:26
PK3 Forward
1 - 0% - 60%
2 - 0% - 40%
PK3 Defense
1 - 0% - 60%
2 - 0% - 40%
44 Forward
1 - 0% - 60%
2 - 0% - 40%
44 Defense
1 - 0% - 60%
2 - 0% - 40%
Last Minute Offensive - 0:00
Last Minute Defensive - 0:00
Total
Forward - 60:00
Defense - 60:00
|
% Time on Ice - Influenza
Lines # - Real PCT - Wanted PCT - Time Play
Normal Forward
1 - 32% - 40% - 17:12
2 - 25% - 30% - 13:05
3 - 25% - 20% - 13:17
4 - 18% - 10% - 9:40
Normal Defense
1 - 38% - 40% - 20:19
2 - 28% - 30% - 14:59
3 - 29% - 20% - 15:26
4 - 5% - 10% - 2:30
PP Forward
1 - 67% - 60% - 1:52
2 - 33% - 40% - 0:56
PP Defense
1 - 67% - 60% - 1:53
2 - 33% - 40% - 0:55
PK Forward
1 - 81% - 60% - 3:13
2 - 19% - 40% - 0:45
PK Defense
1 - 68% - 60% - 2:43
2 - 32% - 40% - 1:15
PK3 Forward
1 - 0% - 60%
2 - 0% - 40%
PK3 Defense
1 - 0% - 60%
2 - 0% - 40%
44 Forward
1 - 0% - 60%
2 - 0% - 40%
44 Defense
1 - 0% - 60%
2 - 0% - 40%
Last Minute Offensive - 0:00
Last Minute Defensive - 0:00
Total
Forward - 60:00
Defense - 60:00
|
Play-by-Play
1st period
0:01 of 1st period - Bo Horvat wins face-off versus Anton Lander in neutral zone.
0:39 of 1st period - Wrist shot by Drayson Bowman.
0:39 of 1st period - Stopped by Malcolm Subban without a rebound.
0:40 of 1st period - Zac Dalpe wins face-off versus Sam Bennett in Influenza zone.
0:45 of 1st period - Sam Bennett is hit by Kasperi Kapanen and loses puck.
1:14 of 1st period - Slapshot by Reid Boucher.
1:14 of 1st period - Stopped by Malcolm Subban without a rebound.
1:15 of 1st period - Bo Horvat wins face-off versus Maxime Macenauer in Influenza zone.
1:40 of 1st period - Justin Bailey is hit by Dalton Thrower.
2:41 of 1st period - Cody Goloubef is hit by Iiro Pakarinen and loses puck.
3:22 of 1st period - Snap shot by Valeri Nichushkin.
3:22 of 1st period - Shot Misses the Net.
3:48 of 1st period - Snap shot by Ryan Dzingel.
3:48 of 1st period - Shot Misses the Net.
4:12 of 1st period - Wrist shot by Bo Horvat.
4:12 of 1st period - Goal by Bo Horvat - Mulligans : 0 - Influenza : 1.
4:13 of 1st period - Bo Horvat wins face-off versus Matt Beleskey in neutral zone.
4:16 of 1st period - Wrist shot by Iiro Pakarinen.
4:16 of 1st period - Stopped by Juuse Saros with a rebound.
4:18 of 1st period - Slapshot by Tim Erixon.
4:18 of 1st period - Shot Blocked by Jonathan Ferland.
4:20 of 1st period - Wrist shot by Bo Horvat.
4:20 of 1st period - Goal by Bo Horvat - Mulligans : 0 - Influenza : 2.
4:21 of 1st period - Colton Sissons wins face-off versus Anton Lander in neutral zone.
4:24 of 1st period - Wrist shot by Justin Bailey.
4:24 of 1st period - Goal by Justin Bailey - Mulligans : 0 - Influenza : 3.
4:25 of 1st period - Colton Sissons wins face-off versus Anton Lander in neutral zone.
4:38 of 1st period - Snap shot by Justin Bailey.
4:38 of 1st period - Stopped by Juuse Saros with a rebound.
4:40 of 1st period - Wrist shot by Tim Erixon.
4:40 of 1st period - Shot Blocked by Darren Dietz.
5:09 of 1st period - Snap shot by Jacob Josefson.
5:09 of 1st period - Stopped by Juuse Saros without a rebound.
5:10 of 1st period - Tom Kuhnhackl wins face-off versus Sam Bennett in Mulligans zone.
5:21 of 1st period - Slapshot by Nick Ritchie.
5:21 of 1st period - Shot Blocked by Cody Goloubef.
5:34 of 1st period - Tom Kuhnhackl is hit by Joonas Donskoi and loses puck.
5:40 of 1st period - Off-side.
5:41 of 1st period - Bo Horvat wins face-off versus Anton Lander in neutral zone.
6:11 of 1st period - Snap shot by Cody Goloubef.
6:11 of 1st period - Shot Blocked by Lucas Lessio.
6:31 of 1st period - Luca Sbisa is hit by Joonas Donskoi and loses puck.
6:40 of 1st period - Wrist shot by Joonas Donskoi.
6:40 of 1st period - Deflect By Sven Baertschi.
6:40 of 1st period - Shot Blocked by Luca Sbisa.
6:40 of 1st period - Puck is out of play.
6:41 of 1st period - Bo Horvat wins face-off versus Anton Lander in Influenza zone.
6:48 of 1st period - Slapshot by Bo Horvat.
6:48 of 1st period - Shot Misses the Net.
6:50 of 1st period - Wrist shot by Andre Burakovsky.
6:50 of 1st period - Shot Blocked by Robbie Russo.
7:18 of 1st period - Off-side.
7:19 of 1st period - Iiro Pakarinen wins face-off versus Valeri Nichushkin in neutral zone.
7:46 of 1st period - Wrist shot by Ryan Dzingel.
7:46 of 1st period - Shot Misses the Net.
8:06 of 1st period - Slapshot by Jonathan Ferland.
8:06 of 1st period - Shot Misses the Net.
8:34 of 1st period - Snap shot by Logan Shaw.
8:34 of 1st period - Deflect By Maxime Macenauer.
8:34 of 1st period - Stopped by Malcolm Subban without a rebound.
8:35 of 1st period - Bo Horvat wins face-off versus Maxime Macenauer in Influenza zone.
9:00 of 1st period - Cade Fairchild is hit by Justin Bailey and loses puck.
9:25 of 1st period - Snap shot by Robby Fabbri.
9:25 of 1st period - Shot Misses the Net.
9:27 of 1st period - Snap shot by Reid Boucher.
9:27 of 1st period - Stopped by Malcolm Subban without a rebound.
9:28 of 1st period - Bo Horvat wins face-off versus Maxime Macenauer in Influenza zone.
9:30 of 1st period - Icing by Andre Burakovsky.
9:31 of 1st period - Maxime Macenauer wins face-off versus Bo Horvat in Influenza zone.
9:44 of 1st period - Snap shot by Andre Burakovsky.
9:44 of 1st period - Shot Misses the Net.
10:02 of 1st period - Snap shot by Justin Bailey.
10:02 of 1st period - Deflect By Lucas Lessio.
10:02 of 1st period - Stopped by Juuse Saros with a rebound.
10:04 of 1st period - Snap shot by Colton Sissons.
10:04 of 1st period - Stopped by Juuse Saros with a rebound.
10:06 of 1st period - Slapshot by Lucas Lessio.
10:06 of 1st period - Goal by Lucas Lessio - Mulligans : 0 - Influenza : 4.
10:06 of 1st period - Calvin Pickard enters game.
10:07 of 1st period - Bo Horvat wins face-off versus Sam Bennett in neutral zone.
10:59 of 1st period - Brandon Montour is hit by Jonathan Ferland and loses puck.
11:10 of 1st period - Wrist shot by Anton Lander.
11:10 of 1st period - Stopped by Malcolm Subban with a rebound.
12:24 of 1st period - Wrist shot by Anton Lander.
12:24 of 1st period - Stopped by Malcolm Subban with a rebound.
12:32 of 1st period - Wrist shot by Jonathan Ferland.
12:32 of 1st period - Stopped by Malcolm Subban without a rebound.
12:33 of 1st period - Maxime Macenauer wins face-off versus Bo Horvat in Influenza zone.
12:34 of 1st period - Snap shot by Logan Shaw.
12:34 of 1st period - Stopped by Malcolm Subban with a rebound.
12:36 of 1st period - Slapshot by Cody Goloubef.
12:36 of 1st period - Shot Blocked by Andre Burakovsky.
12:38 of 1st period - Wrist shot by Maxime Macenauer.
12:38 of 1st period - Shot Misses the Net.
12:40 of 1st period - Snap shot by Logan Shaw.
12:40 of 1st period - Deflect By Drayson Bowman.
12:40 of 1st period - Shot Misses the Net.
12:40 of 1st period - Puck is out of play.
12:41 of 1st period - Bo Horvat wins face-off versus Logan Shaw in Influenza zone.
13:14 of 1st period - Snap shot by Lucas Lessio.
13:14 of 1st period - Shot Misses the Net.
14:03 of 1st period - Icing by Dalton Thrower.
14:04 of 1st period - Colton Sissons wins face-off versus Maxime Macenauer in Mulligans zone.
14:05 of 1st period - Snap shot by Lucas Lessio.
14:05 of 1st period - Shot Misses the Net.
14:43 of 1st period - Bo Horvat is hit by Sam Bennett and loses puck.
14:53 of 1st period - Icing by Sam Bennett.
14:54 of 1st period - Zac Dalpe wins face-off versus Robby Fabbri in Mulligans zone.
15:01 of 1st period - Snap shot by Ryan Dzingel.
15:01 of 1st period - Stopped by Calvin Pickard with a rebound.
15:03 of 1st period - Slapshot by Brandon Montour.
15:03 of 1st period - Shot Misses the Net.
15:25 of 1st period - Snap shot by Lucas Lessio.
15:25 of 1st period - Shot Blocked by Dalton Thrower.
15:27 of 1st period - Slapshot by Brandon Montour.
15:27 of 1st period - Goal by Brandon Montour - Mulligans : 0 - Influenza : 5.
15:28 of 1st period - Maxime Macenauer wins face-off versus Iiro Pakarinen in neutral zone.
15:31 of 1st period - Snap shot by Drayson Bowman.
15:31 of 1st period - Stopped by Malcolm Subban with a rebound.
16:00 of 1st period - Snap shot by Sven Baertschi.
16:00 of 1st period - Stopped by Malcolm Subban with a rebound.
16:02 of 1st period - Snap shot by Joonas Donskoi.
16:02 of 1st period - Stopped by Malcolm Subban with a rebound.
16:04 of 1st period - Slapshot by Ben Hutton.
16:04 of 1st period - Shot Blocked by Luca Sbisa.
16:14 of 1st period - Wrist shot by Zac Dalpe.
16:14 of 1st period - Shot Misses the Net.
16:30 of 1st period - Minor Penalty to Zac Dalpe for Hooking.
16:31 of 1st period - Anton Lander wins face-off versus Andre Burakovsky in Influenza zone.
16:58 of 1st period - Ben Hutton is hit by Calvin de Haan and loses puck.
17:49 of 1st period - Tim Erixon is hit by Maxime Macenauer.
18:07 of 1st period - Anton Lander is hit by Paul Ladue and loses puck.
18:25 of 1st period - Cody Goloubef is hit by Colton Sissons and loses puck.
18:30 of 1st period - Penalty to Zac Dalpe is over, Zac Dalpe is back on ice.
18:48 of 1st period - Matt Beleskey is hit by Zac Dalpe and loses puck.
18:59 of 1st period - Wrist shot by Anton Lander.
18:59 of 1st period - Shot Blocked by Calvin de Haan.
19:12 of 1st period - Wrist shot by Matt Beleskey.
19:12 of 1st period - Stopped by Malcolm Subban with a rebound.
19:14 of 1st period - Backhand shot by Anton Lander.
19:14 of 1st period - Goal by Anton Lander - Mulligans : 1 - Influenza : 5.
19:15 of 1st period - Maxime Macenauer wins face-off versus Bo Horvat in neutral zone.
19:18 of 1st period - Andre Burakovsky is hit by Drayson Bowman and loses puck.
19:47 of 1st period - Snap shot by Joonas Donskoi.
19:47 of 1st period - Shot Misses the Net.
19:49 of 1st period - Slapshot by Cade Fairchild.
19:49 of 1st period - Shot Blocked by Tim Erixon.
19:55 of 1st period - Wrist shot by Sven Baertschi.
19:55 of 1st period - Stopped by Malcolm Subban without a rebound.
19:56 of 1st period - Robby Fabbri wins face-off versus Kasperi Kapanen in Influenza zone.
Goals for this period are 1 for Mulligans vs 5 for Influenza.
Shots for this period are 14 for Mulligans vs 11 for Influenza.
2nd period
0:01 of 2nd period - Maxime Macenauer wins face-off versus Bo Horvat in neutral zone.
0:10 of 2nd period - Slapshot by Maxime Macenauer.
0:10 of 2nd period - Deflect By Drayson Bowman.
0:10 of 2nd period - Shot Misses the Net.
0:10 of 2nd period - Puck is out of play.
0:11 of 2nd period - Maxime Macenauer wins face-off versus Colton Sissons in Influenza zone.
0:18 of 2nd period - Snap shot by Maxime Macenauer.
0:18 of 2nd period - Shot Misses the Net.
0:20 of 2nd period - Snap shot by Ben Hutton.
0:20 of 2nd period - Stopped by Malcolm Subban with a rebound.
0:22 of 2nd period - Wrist shot by Drayson Bowman.
0:22 of 2nd period - Shot Blocked by Colton Sissons.
0:24 of 2nd period - Snap shot by Ben Hutton.
0:24 of 2nd period - Stopped by Malcolm Subban with a rebound.
0:26 of 2nd period - Slapshot by Maxime Macenauer.
0:26 of 2nd period - Goal by Maxime Macenauer - Mulligans : 2 - Influenza : 5.
0:27 of 2nd period - Bo Horvat wins face-off versus Maxime Macenauer in neutral zone.
0:30 of 2nd period - Slapshot by Calvin de Haan.
0:30 of 2nd period - Stopped by Calvin Pickard without a rebound.
0:31 of 2nd period - Maxime Macenauer wins face-off versus Bo Horvat in Mulligans zone.
1:18 of 2nd period - Minor Penalty to Matt Beleskey for Hooking.
1:19 of 2nd period - Bo Horvat wins face-off versus Anton Lander in Mulligans zone.
2:07 of 2nd period - Wrist shot by Andre Burakovsky.
2:07 of 2nd period - Goal by Andre Burakovsky - Mulligans : 2 - Influenza : 6.
2:08 of 2nd period - Colton Sissons wins face-off versus Sam Bennett in neutral zone.
2:13 of 2nd period - Snap shot by Lucas Lessio.
2:13 of 2nd period - Shot Blocked by Sven Baertschi.
2:19 of 2nd period - Snap shot by Cody Goloubef.
2:19 of 2nd period - Stopped by Malcolm Subban with a rebound.
2:21 of 2nd period - Snap shot by Sven Baertschi.
2:21 of 2nd period - Stopped by Malcolm Subban with a rebound.
2:23 of 2nd period - Snap shot by Ben Hutton.
2:23 of 2nd period - Shot Misses the Net.
3:15 of 2nd period - Slapshot by Tim Erixon.
3:15 of 2nd period - Shot Misses the Net.
3:17 of 2nd period - Snap shot by Tim Erixon.
3:17 of 2nd period - Shot Misses the Net.
3:19 of 2nd period - Slapshot by Luca Sbisa.
3:19 of 2nd period - Shot Blocked by Valeri Nichushkin.
3:21 of 2nd period - Snap shot by Tom Kuhnhackl.
3:21 of 2nd period - Goal by Tom Kuhnhackl - Mulligans : 2 - Influenza : 7.
3:22 of 2nd period - Bo Horvat wins face-off versus Maxime Macenauer in neutral zone.
3:30 of 2nd period - Minor Penalty to Maxime Macenauer for Slashing.
3:31 of 2nd period - Iiro Pakarinen wins face-off versus Anton Lander in Mulligans zone.
4:07 of 2nd period - Slapshot by Zac Dalpe.
4:07 of 2nd period - Shot Misses the Net.
5:01 of 2nd period - Andre Burakovsky is hit by Sven Baertschi and loses puck.
5:14 of 2nd period - Cody Goloubef is hit by Ryan Dzingel and loses puck.
5:30 of 2nd period - Penalty to Maxime Macenauer is over, Maxime Macenauer is back on ice.
5:36 of 2nd period - Icing by Ryan Dzingel.
5:37 of 2nd period - Zac Dalpe wins face-off versus Maxime Macenauer in Influenza zone.
5:50 of 2nd period - Snap shot by Reid Boucher.
5:50 of 2nd period - Deflect By Valeri Nichushkin.
5:50 of 2nd period - Stopped by Malcolm Subban without a rebound.
5:51 of 2nd period - Robby Fabbri wins face-off versus Jacob Josefson in Influenza zone.
6:21 of 2nd period - Wrist shot by Nick Ritchie.
6:21 of 2nd period - Shot Misses the Net.
6:23 of 2nd period - Wrist shot by Jacob Josefson.
6:23 of 2nd period - Shot Misses the Net.
6:25 of 2nd period - Slapshot by Luca Sbisa.
6:25 of 2nd period - Deflect By Nick Ritchie.
6:25 of 2nd period - Stopped by Calvin Pickard with a rebound.
6:31 of 2nd period - Slapshot by Calvin de Haan.
6:31 of 2nd period - Stopped by Calvin Pickard without a rebound.
6:32 of 2nd period - Bo Horvat wins face-off versus Anton Lander in Mulligans zone.
6:48 of 2nd period - Off-side.
6:49 of 2nd period - Maxime Macenauer wins face-off versus Colton Sissons in neutral zone.
7:02 of 2nd period - Slapshot by Calvin de Haan.
7:02 of 2nd period - Deflect By Drayson Bowman.
7:02 of 2nd period - Stopped by Calvin Pickard without a rebound.
7:03 of 2nd period - Joonas Donskoi wins face-off versus Bo Horvat in Mulligans zone.
7:03 of 2nd period - Joonas Donskoi is hit by Bo Horvat.
7:10 of 2nd period - Icing by Cody Goloubef.
7:11 of 2nd period - Sam Bennett wins face-off versus Bo Horvat in Mulligans zone.
7:11 of 2nd period - Sam Bennett is hit by Andre Burakovsky.
7:25 of 2nd period - Slapshot by Joonas Donskoi.
7:25 of 2nd period - Shot Misses the Net.
7:27 of 2nd period - Slapshot by Cody Goloubef.
7:27 of 2nd period - Stopped by Malcolm Subban with a rebound.
8:19 of 2nd period - Icing by Sven Baertschi.
8:20 of 2nd period - Sam Bennett wins face-off versus Colton Sissons in Mulligans zone.
8:36 of 2nd period - Icing by Sam Bennett.
8:37 of 2nd period - Sam Bennett wins face-off versus Zac Dalpe in Mulligans zone.
8:42 of 2nd period - Slapshot by Cody Goloubef.
8:42 of 2nd period - Stopped by Malcolm Subban with a rebound.
8:44 of 2nd period - Snap shot by Sven Baertschi.
8:44 of 2nd period - Stopped by Malcolm Subban without a rebound.
8:45 of 2nd period - Jonathan Ferland wins face-off versus Zac Dalpe in Influenza zone.
9:19 of 2nd period - Wrist shot by Lucas Lessio.
9:19 of 2nd period - Shot Misses the Net.
9:31 of 2nd period - Slapshot by Darren Dietz.
9:31 of 2nd period - Shot Misses the Net.
9:35 of 2nd period - Wrist shot by Robby Fabbri.
9:35 of 2nd period - Shot Blocked by Paul Ladue.
9:37 of 2nd period - Slapshot by Cade Fairchild.
9:37 of 2nd period - Deflect By Calvin de Haan.
9:37 of 2nd period - Stopped by Malcolm Subban without a rebound.
9:38 of 2nd period - Anton Lander wins face-off versus Bo Horvat in Influenza zone.
10:29 of 2nd period - Snap shot by Robby Fabbri.
10:29 of 2nd period - Shot Misses the Net.
10:43 of 2nd period - Ben Hutton is hit by Calvin de Haan and loses puck.
10:56 of 2nd period - Wrist shot by Reid Boucher.
10:56 of 2nd period - Stopped by Malcolm Subban with a rebound.
10:58 of 2nd period - Snap shot by Valeri Nichushkin.
10:58 of 2nd period - Stopped by Malcolm Subban without a rebound.
10:59 of 2nd period - Anton Lander wins face-off versus Colton Sissons in Influenza zone.
11:08 of 2nd period - Snap shot by Cade Fairchild.
11:08 of 2nd period - Shot Misses the Net.
11:24 of 2nd period - Darren Dietz is hit by Kasperi Kapanen and loses puck.
11:29 of 2nd period - Slapshot by Zac Dalpe.
11:29 of 2nd period - Stopped by Calvin Pickard without a rebound.
11:30 of 2nd period - Maxime Macenauer wins face-off versus Zac Dalpe in Mulligans zone.
11:30 of 2nd period - Maxime Macenauer is hit by Zac Dalpe.
12:20 of 2nd period - Snap shot by Ryan Dzingel.
12:20 of 2nd period - Stopped by Calvin Pickard with a rebound.
12:22 of 2nd period - Snap shot by Dmitry Sinitsyn.
12:22 of 2nd period - Deflect By Kasperi Kapanen.
12:22 of 2nd period - Stopped by Calvin Pickard without a rebound.
12:23 of 2nd period - Bo Horvat wins face-off versus Maxime Macenauer in Mulligans zone.
12:28 of 2nd period - Wrist shot by Andre Burakovsky.
12:28 of 2nd period - Stopped by Calvin Pickard with a rebound.
13:58 of 2nd period - Snap shot by Reid Boucher.
13:58 of 2nd period - Stopped by Malcolm Subban with a rebound.
14:09 of 2nd period - Cody Goloubef is hit by Zac Dalpe and loses puck.
14:22 of 2nd period - Snap shot by Jonathan Ferland.
14:22 of 2nd period - Shot Misses the Net.
14:54 of 2nd period - Calvin de Haan is hit by Valeri Nichushkin and loses puck.
15:17 of 2nd period - Slapshot by Colton Sissons.
15:17 of 2nd period - Stopped by Calvin Pickard with a rebound.
15:19 of 2nd period - Slapshot by Calvin de Haan.
15:19 of 2nd period - Shot Misses the Net.
15:21 of 2nd period - Snap shot by Paul Ladue.
15:21 of 2nd period - Deflect By Darren Dietz.
15:21 of 2nd period - Stopped by Calvin Pickard without a rebound.
15:22 of 2nd period - Maxime Macenauer wins face-off versus Bo Horvat in Mulligans zone.
15:47 of 2nd period - Maxime Macenauer is hit by Luca Sbisa and loses puck.
16:54 of 2nd period - Snap shot by Lucas Lessio.
16:54 of 2nd period - Stopped by Calvin Pickard with a rebound.
17:03 of 2nd period - Off-side.
17:04 of 2nd period - Anton Lander wins face-off versus Jacob Josefson in neutral zone.
17:31 of 2nd period - Snap shot by Sven Baertschi.
17:31 of 2nd period - Stopped by Malcolm Subban without a rebound.
17:32 of 2nd period - Bo Horvat wins face-off versus Sam Bennett in Influenza zone.
17:45 of 2nd period - Slapshot by Calvin de Haan.
17:45 of 2nd period - Stopped by Calvin Pickard with a rebound.
18:03 of 2nd period - Slapshot by Bo Horvat.
18:03 of 2nd period - Stopped by Calvin Pickard without a rebound.
18:04 of 2nd period - Colton Sissons wins face-off versus Anton Lander in Mulligans zone.
18:19 of 2nd period - Snap shot by Lucas Lessio.
18:19 of 2nd period - Shot Blocked by Ben Hutton.
19:35 of 2nd period - Snap shot by Colton Sissons.
19:35 of 2nd period - Shot Blocked by Anton Lander.
19:40 of 2nd period - Icing by Robbie Russo.
19:41 of 2nd period - Bo Horvat wins face-off versus Anton Lander in Mulligans zone.
Goals for this period are 1 for Mulligans vs 2 for Influenza.
Shots for this period are 14 for Mulligans vs 15 for Influenza.
3rd period
0:01 of 3rd period - Bo Horvat wins face-off versus Maxime Macenauer in neutral zone.
0:04 of 3rd period - Darren Dietz is hit by Iiro Pakarinen and loses puck.
0:15 of 3rd period - Slapshot by Andre Burakovsky.
0:15 of 3rd period - Shot Misses the Net.
1:09 of 3rd period - Darren Dietz is hit by Nick Ritchie and loses puck.
1:33 of 3rd period - Icing by Nick Ritchie.
1:34 of 3rd period - Anton Lander wins face-off versus Bo Horvat in Influenza zone.
1:43 of 3rd period - Slapshot by Andre Burakovsky.
1:43 of 3rd period - Shot Misses the Net.
1:49 of 3rd period - Snap shot by Iiro Pakarinen.
1:49 of 3rd period - Stopped by Calvin Pickard without a rebound.
1:50 of 3rd period - Colton Sissons wins face-off versus Maxime Macenauer in Mulligans zone.
2:16 of 3rd period - Ben Hutton is hit by Zac Dalpe.
2:28 of 3rd period - Snap shot by Maxime Macenauer.
2:28 of 3rd period - Shot Blocked by Calvin de Haan.
2:30 of 3rd period - Snap shot by Maxime Macenauer.
2:30 of 3rd period - Shot Misses the Net.
2:32 of 3rd period - Wrist shot by Drayson Bowman.
2:32 of 3rd period - Stopped by Malcolm Subban with a rebound.
2:34 of 3rd period - Wrist shot by Logan Shaw.
2:34 of 3rd period - Shot Misses the Net.
2:36 of 3rd period - Wrist shot by Drayson Bowman.
2:36 of 3rd period - Stopped by Malcolm Subban with a rebound.
2:57 of 3rd period - Ryan Dzingel is hit by Maxime Macenauer and loses puck.
3:43 of 3rd period - Zac Dalpe is hit by Maxime Macenauer and loses puck.
3:58 of 3rd period - Snap shot by Ryan Dzingel.
3:58 of 3rd period - Shot Misses the Net.
5:08 of 3rd period - Slapshot by Drayson Bowman.
5:08 of 3rd period - Shot Blocked by Brandon Montour.
5:10 of 3rd period - Slapshot by Cade Fairchild.
5:10 of 3rd period - Stopped by Malcolm Subban with a rebound.
5:12 of 3rd period - Wrist shot by Logan Shaw.
5:12 of 3rd period - Shot Blocked by Kasperi Kapanen.
5:14 of 3rd period - Snap shot by Drayson Bowman.
5:14 of 3rd period - Shot Misses the Net.
5:20 of 3rd period - Snap shot by Drayson Bowman.
5:20 of 3rd period - Stopped by Malcolm Subban with a rebound.
5:22 of 3rd period - Snap shot by Cade Fairchild.
5:22 of 3rd period - Stopped by Malcolm Subban with a rebound.
5:24 of 3rd period - Slapshot by Cade Fairchild.
5:24 of 3rd period - Shot Misses the Net.
5:26 of 3rd period - Slapshot by Darren Dietz.
5:26 of 3rd period - Shot Misses the Net.
5:28 of 3rd period - Wrist shot by Logan Shaw.
5:28 of 3rd period - Stopped by Malcolm Subban without a rebound.
5:29 of 3rd period - Anton Lander wins face-off versus Bo Horvat in Influenza zone.
6:17 of 3rd period - Slapshot by Jacob Josefson.
6:17 of 3rd period - Deflect By Nick Ritchie.
6:17 of 3rd period - Shot Misses the Net.
6:17 of 3rd period - Puck is out of play.
6:18 of 3rd period - Robby Fabbri wins face-off versus Jacob Josefson in Mulligans zone.
6:52 of 3rd period - Dalton Thrower is hit by Jacob Josefson and loses puck.
7:01 of 3rd period - Wrist shot by Robby Fabbri.
7:01 of 3rd period - Stopped by Malcolm Subban without a rebound.
7:02 of 3rd period - Anton Lander wins face-off versus Bo Horvat in Influenza zone.
7:11 of 3rd period - Slapshot by Anton Lander.
7:11 of 3rd period - Goal by Anton Lander - Mulligans : 3 - Influenza : 7.
7:12 of 3rd period - Anton Lander wins face-off versus Bo Horvat in neutral zone.
7:37 of 3rd period - Cody Goloubef is hit by Colton Sissons.
7:42 of 3rd period - Off-side.
7:43 of 3rd period - Colton Sissons wins face-off versus Sam Bennett in neutral zone.
8:08 of 3rd period - Brandon Montour is hit by Robby Fabbri and loses puck.
8:21 of 3rd period - Wrist shot by Iiro Pakarinen.
8:21 of 3rd period - Stopped by Calvin Pickard without a rebound.
8:22 of 3rd period - Anton Lander wins face-off versus Colton Sissons in Mulligans zone.
8:22 of 3rd period - Anton Lander is hit by Lucas Lessio.
8:34 of 3rd period - Wrist shot by Anton Lander.
8:34 of 3rd period - Shot Misses the Net.
8:48 of 3rd period - Ben Hutton is hit by Bo Horvat and loses puck.
9:13 of 3rd period - Slapshot by Reid Boucher.
9:13 of 3rd period - Goal by Reid Boucher - Mulligans : 4 - Influenza : 7.
9:14 of 3rd period - Bo Horvat wins face-off versus Anton Lander in neutral zone.
9:46 of 3rd period - Slapshot by Calvin de Haan.
9:46 of 3rd period - Stopped by Calvin Pickard with a rebound.
9:48 of 3rd period - Snap shot by Justin Bailey.
9:48 of 3rd period - Stopped by Calvin Pickard with a rebound.
10:31 of 3rd period - Minor Penalty to Iiro Pakarinen for Tripping.
10:32 of 3rd period - Zac Dalpe wins face-off versus Matt Beleskey in Influenza zone.
12:31 of 3rd period - Penalty to Iiro Pakarinen is over, Iiro Pakarinen is back on ice.
14:24 of 3rd period - Anton Lander is hit by Bo Horvat and loses puck.
14:29 of 3rd period - Snap shot by Andre Burakovsky.
14:29 of 3rd period - Stopped by Calvin Pickard with a rebound.
14:31 of 3rd period - Slapshot by Iiro Pakarinen.
14:31 of 3rd period - Stopped by Calvin Pickard with a rebound.
14:45 of 3rd period - Snap shot by Logan Shaw.
14:45 of 3rd period - Stopped by Malcolm Subban with a rebound.
14:47 of 3rd period - Slapshot by Dalton Thrower.
14:47 of 3rd period - Shot Blocked by Dmitry Sinitsyn.
15:21 of 3rd period - Jacob Josefson is hit by Sven Baertschi and loses puck.
15:36 of 3rd period - Snap shot by Iiro Pakarinen.
15:36 of 3rd period - Shot Misses the Net.
15:39 of 3rd period - Icing by Cody Goloubef.
15:40 of 3rd period - Maxime Macenauer wins face-off versus Bo Horvat in Mulligans zone.
15:59 of 3rd period - Wrist shot by Maxime Macenauer.
15:59 of 3rd period - Stopped by Malcolm Subban without a rebound.
16:00 of 3rd period - Colton Sissons wins face-off versus Anton Lander in Influenza zone.
16:35 of 3rd period - Snap shot by Sam Bennett.
16:35 of 3rd period - Stopped by Malcolm Subban with a rebound.
16:37 of 3rd period - Snap shot by Sven Baertschi.
16:37 of 3rd period - Shot Misses the Net.
16:51 of 3rd period - Snap shot by Ryan Dzingel.
16:51 of 3rd period - Deflect By Zac Dalpe.
16:51 of 3rd period - Shot Blocked by Drayson Bowman.
16:51 of 3rd period - Puck is out of play.
16:52 of 3rd period - Anton Lander wins face-off versus Zac Dalpe in Mulligans zone.
17:17 of 3rd period - Tim Erixon is hit by Dalton Thrower and loses puck.
17:24 of 3rd period - Snap shot by Sven Baertschi.
17:24 of 3rd period - Shot Misses the Net.
17:30 of 3rd period - Snap shot by Zac Dalpe.
17:30 of 3rd period - Stopped by Calvin Pickard with a rebound.
17:32 of 3rd period - Wrist shot by Ryan Dzingel.
17:32 of 3rd period - Stopped by Calvin Pickard with a rebound.
17:34 of 3rd period - Slapshot by Calvin de Haan.
17:34 of 3rd period - Stopped by Calvin Pickard with a rebound.
18:11 of 3rd period - Wrist shot by Joonas Donskoi.
18:11 of 3rd period - Shot Misses the Net.
18:13 of 3rd period - Slapshot by Sam Bennett.
18:13 of 3rd period - Shot Blocked by Brandon Montour.
18:15 of 3rd period - Slapshot by Joonas Donskoi.
18:15 of 3rd period - Shot Misses the Net.
18:43 of 3rd period - Snap shot by Joonas Donskoi.
18:43 of 3rd period - Stopped by Malcolm Subban with a rebound.
18:45 of 3rd period - Slapshot by Robbie Russo.
18:45 of 3rd period - Shot Blocked by Dmitry Sinitsyn.
18:47 of 3rd period - Slapshot by Sam Bennett.
18:47 of 3rd period - Deflect By Sven Baertschi.
18:47 of 3rd period - Shot Blocked by Brandon Montour.
18:47 of 3rd period - Puck is out of play.
18:48 of 3rd period - Bo Horvat wins face-off versus Anton Lander in Influenza zone.
18:59 of 3rd period - Snap shot by Andre Burakovsky.
18:59 of 3rd period - Shot Misses the Net.
19:37 of 3rd period - Tom Kuhnhackl is hit by Cody Goloubef.
19:38 of 3rd period - Icing by Tom Kuhnhackl.
19:39 of 3rd period - Jacob Josefson wins face-off versus Anton Lander in Influenza zone.
19:56 of 3rd period - Luca Sbisa is hit by Anton Lander and loses puck.
Goals for this period are 2 for Mulligans vs 0 for Influenza.
Shots for this period are 13 for Mulligans vs 9 for Influenza.
Back to the Top